 Seeded DCSS version 0.32-a0-42-ga30500b4d3 (webtiles) character file.

Game seed: 9872065412798756122 (custom seed)

122376 timneilson the Brawler (level 16, -2/123 HPs)
             Began as an Octopode Shapeshifter on Jan 27, 2024.
             Was an Initiate of Gozag.
             Succumbed to a black mamba's poison
             ... on level 1 of the Snake Pit.
             The game lasted 01:58:13 (33367 turns).

timneilson the Brawler (Octopode Shapeshifter)     Turns: 33367, Time: 01:58:14

Health: -2/123     AC: 10    Str: 34    XL:     16   Next: 87%
Magic:  17/34      EV: 23    Int: 20    God:    Gozag
Gold:   2781       SH:  5    Dex: 11    Spells: 16/27 levels left

rFire   + .          .
                       - Unarmed
rCold   + . .        u - melded +5 kite shield of a ziggurat {Dex+5}
rNeg    . . .        G - +2 hat
rPois   +            D - amulet of reflection
rElec   +            y - ring of see invisible
rCorr   .            x - ring of Casuq {Str+6 Int+5}
SInv    +            E - ring of Beogh's Regard {rPois Will+}
Will    ++...        w - ring of wizardry
Stlth   ++++++       b - ring of protection from cold
HPRegen 0.40/turn    M - ring of protection from fire
MPRegen 0.24/turn    m - +6 ring of strength
                     c - ring "Uhewixt" {+Blink rElec MP+9 EV+5 Int+3}

%: reflection, wizardry (x1)
@: lethally poisoned (-2 -> -19), swift, blade tentacles, studying Shields, very
quick
A: almost no armour, amphibious, 8 rings, camouflage 1, gelatinous body 1,
(nimble swimmer 1), tentacles
a: Begin Untransformation, Renounce Religion, Evoke Blink, Potion Petition, Call
Merchant, Bribe Branch


You were on level 1 of the Snake Pit.
You worshipped Gozag.
Gozag was most pleased with you.
You had blades for main tentacles.
You visited 4 branches of the dungeon, and saw 22 of its levels.
You also visited: Ice Cave and Volcano.

You collected 9362 gold pieces.
You spent 3937 gold pieces at shops.
You paid 2644 gold pieces to Gozag.

Inventory:

Missiles
 d - 48 poisoned darts
 B - 9 curare-tipped darts (quivered)
Armour
 u - the +5 kite shield of a ziggurat (melded) {Dex+5}
   (You acquired it on level 6 of the Dungeon)

   Dex+5:     It affects your dexterity (+5).
 G - a +2 hat (worn)
Jewellery
 b - a ring of protection from cold (on tentacle)
 c - the ring "Uhewixt" (on tentacle) {+Blink rElec MP+9 EV+5 Int+3}
   (You bought it in a shop on level 1 of the Orcish Mines)

   [ring of evasion]

   EV+5:      It affects your evasion (+5).
   Int+3:     It affects your intelligence (+3).
   rElec:     It insulates you from electricity.
   MP+9:      It affects your magic capacity (+9).
   +Blink:    It lets you blink.
 m - a +6 ring of strength (on tentacle)
 w - a ring of wizardry (on tentacle)
 x - the ring of Casuq (right blade tentacle) {Str+6 Int+5}
   (You took it off a deep elf pyromancer on level 7 of the Dungeon)

   [ring of strength]

   Str+6:     It affects your strength (+6).
   Int+5:     It affects your intelligence (+5).
 y - a ring of see invisible (left blade tentacle)
 D - an amulet of reflection (around mantle)
 E - the ring of Beogh's Regard (on tentacle) {rPois Will+}
   (You bought it in a shop on level 8 of the Dungeon)

   [ring of willpower]

   rPois:     It protects you from poison Will+: It increases your willpower.
 M - a ring of protection from fire (on tentacle)
Talismans
 p - a talisman of death
 K - a dragon-blood talisman
 L - a blade talisman (active)
Wands
 n - a wand of paralysis (16)
 v - a wand of iceblast (4)
 I - a wand of flame (18)
Scrolls
 f - 5 scrolls of revelation
 g - 11 scrolls of teleportation
 h - 4 scrolls of fear
 k - 3 scrolls of amnesia
 l - 6 scrolls of poison
 t - a scroll of fog
 C - a scroll of silence
 F - 3 scrolls of blinking
Potions
 e - 3 potions of magic
 i - 4 potions of enlightenment
 o - 3 potions of brilliance
 q - 5 potions of curing
 r - 5 potions of mutation
 s - 2 potions of invisibility
 A - 2 potions of haste
 J - 4 potions of attraction
 O - a potion of resistance
 Q - 2 potions of berserk rage
 S - a potion of ambrosia
 V - 2 potions of cancellation
Miscellaneous
 U - a lightning rod (4/4)
 X - a phantom mirror
 Z - a condenser vane


   Skills:
 * Level 15.7 Fighting
 * Level 12.9 Dodging
 + Level 13.2 Stealth
 - Level 9.4 Shields
 * Level 16.0 Unarmed Combat
 - Level 6.0 Spellcasting
 - Level 5.0 Translocations
 - Level 5.0 Air Magic
 - Level 3.0 Earth Magic
 + Level 8.6 Evocations
 * Level 11.9 Shapeshifting


You had 16 spell levels left.
You knew the following spells:

 Your Spells              Type           Power      Damage    Failure   Level
a - Blink                 Tloc           52%        N/A       1%          2
b - Lesser Beckoning      Tloc           52%        N/A       1%          2
c - Passwall              Erth           18%        N/A       3%          3
d - Swiftness             Air            26%        N/A       1%          3
e - Apportation           Tloc           52%        N/A       1%          1

Your spell library contained the following spells:

 Spells                   Type           Power      Damage    Failure   Level
 Momentum Strike          Conj/Tloc      32%        3d8       2%          2
 Call Imp                 Summ           12%        N/A       6%          2
 Ensorcelled Hibernation  Hex/Ice        12%        N/A       6%          2
 Jinxbite                 Hex            12%        N/A       6%          2
 Sublimation of Blood     Necr           6%         N/A       6%          2
 Summon Lightning Spire   Summ/Air       16%        N/A       16%         4
 Lee's Rapid Deconstruct  Erth           9%         3d7*      32%         5
 Alistair's Intoxication  Alch           4%         N/A       71%         5
 Summon Hydra             Summ           3%         N/A       100%        7
 Animate Armour           Summ/Erth      Unusable   N/A       N/A         4

Dungeon Overview and Level Annotations

Branches:
Dungeon (13/15)            Temple (0/1) D:5            Lair (4/5) D:9
  Swamp (0/4) Lair:2        Snake (3/4) Lair:2        Slime (0/5) Lair:4
    Orc (2/2) D:12            Elf (0/3) Orc:2         IceCv (visited)
Volcano (visited)
 Vaults: D:13-14

Altars:
Cheibriados
Dithmenos
Gozag
Nemelex Xobeh
Trog
Uskayaw
Wu Jian
Xom
Yredelemnul
Jiyva

Shops:
D:1 :   D:8 :=   D:9 ?*   D:13 ?   Orc:1 =   Orc:2 [!:*

Annotations:
D:4 1 runed translucent door
Lair:4 2 transporters, exclusion: oklob plant, Uveod's ghost, journeyman FeEE


Innate Abilities, Weirdness & Mutations

You have blades for main tentacles.
You are incapable of wielding weapons or throwing items.
You cannot wear most types of armour.
You are amphibious.
You can wear up to eight rings at the same time.
Your skin changes colour to match your surroundings (Stealth+).
Your rubbery body absorbs attacks. (AC +1, EV +1)
((You are camouflaged when in or above water. (Stealth+)))
You have tentacles for arms and can constrict up to eight enemies at once.


Message History

* * * LOW HITPOINT WARNING * * *
The mana viper closely misses you. The black mamba completely misses you.
You feel better.
You constrict the mana viper. The black mamba misses you.
The black mamba completely misses you. You block the mana viper's attack.
The black mamba barely misses you.
Casting: Swiftness (safe; 1% risk of failure)
Confirm with . or Enter, or press ? or * to list all spells.
You blink.
You lose your grip on the mana viper.
Casting: Blink (safe; 1% risk of failure)
Confirm with . or Enter, or press ? or * to list all spells.
You feel quick. The black mamba completely misses you.
The black mamba attacks as it pursues you!
The black mamba bites you.
* * * LOW HITPOINT WARNING * * *
The black mamba bites you!
* * * LOW HITPOINT WARNING * * *
You feel ready to blink again.
The black mamba attacks as it pursues you!
The black mamba completely misses you.
The black mamba attacks as it pursues you!
The black mamba misses you. The black mamba barely misses you.
The black mamba attacks as it pursues you!
The black mamba barely misses you. The black mamba completely misses you.
The black mamba misses you.
The black mamba attacks as it pursues you!
The black mamba bites you!
* * * LOW HITPOINT WARNING * * *
The black mamba attacks as it pursues you!
The black mamba closely misses you. The black mamba completely misses you.
There is a stone staircase leading up here.
The black mamba misses you. The black mamba barely misses you.
The black mamba bites you.
* * * LOW HITPOINT WARNING * * *
You are lethally poisoned!
The black mamba poisons you!
You climb upwards.
You die...
Your body crumbles into a pile of gold.

..#...............##....#
..'.....#.#.#.....##....#
..##............####....#
'###)..........#####....#
.###..........#...##....#
..##..)..##..+....###'###
..##.>...##..########.###
..##.....##..#######....#
#######.###..##.@.##....#
#######'#######..S.'....#
..........#####...##....#
.............#######....#
.............######.....#
####.........##.........#
#####....##..##.........#
...##....##..###'##.....#
...##....##...##.########


You could see a black mamba.

Vanquished Creatures
  Vashnia (Snake:1)
  Gastronok (D:10)
  A nagaraja (Snake:2)
  2 frost giants (IceCv)
  An orc warlord (Orc:2)
  A very ugly thing (Snake:1)
  A white draconian (IceCv)
  Fannar (D:10)
  3 hydras
  The ghost of Azoth the Martial Artist, a journeyman DsSh (D:10)
  An ogre mage (Orc:2)
  3 ironbound frosthearts (IceCv)
  4 anacondas
  A dancing weapon (Volcano)
  2 centaur warriors
  5 two-headed ogres
  4 death yaks (Lair:2)
  8 naga warriors
  4 orc high priests (Orc:2)
  2 occultists (Volcano)
  4 naga sharpshooters (Snake:2)
  Nergalle (Lair:2)
  A shock serpent (Snake:1)
  2 skysharks (Lair:3)
  3 salamander mystics
  A deep troll (Lair:4)
  2 spriggan druids (Lair:2)
  2 naga ritualists (Snake:3)
  An orange crystal statue (IceCv)
  8 mana vipers
  A lindwurm (Lair:2)
  5 orc knights
  6 orc sorcerers
  3 deep elf pyromancers
  2 manticores (D:13)
  4 cyclopes
  2 salamanders
  17 ugly things
  15 elephants
  11 naga magi
  2 guardian serpents
  4 kobold blastminers (Orc:2)
  18 black mambas
  5 toenail golems (Volcano)
  8 cane toads
  19 rime drakes
  3 unseen horrors
  An unseen horror (shapeshifter) (D:13)
  A rime drake (shapeshifter) (D:13)
  3 komodo dragons
  2 kobold demonologists
  3 trolls
  27 polar bears
  2 hornets (Lair:2)
  9 blink frogs
  Sigmund (D:3)
  2 wraiths
  2 shadows (D:10)
  4 wyverns
  38 yaks
  The ghost of CraigForest the Ruffian, an amateur TrSh (D:3)
  A ynoxinul (D:10)
  5 basilisks
  5 humans (Volcano)
  Grum (D:11)
  A steam dragon (D:7)
  6 wargs
  7 vampire mosquitoes
  24 nagas
  3 acid dragons
  17 water moccasins
  45 orc warriors
  The ghost of osoart the Caller, an amateur DESu of Hepliaklqana (D:4)
  3 ice beasts
  12 ogres
  6 black bears
  2 sky beasts
  6 wolves
  12 centaurs
  4 kobold brigands
  Blork the orc (D:4)
  13 bullfrogs
  A gnoll sergeant (D:9)
  2 scorpions
  6 wights
  8 killer bees
  6 howler monkeys
  7 hounds
  2 bombardier beetles
  A gnoll bouda (D:9)
  28 orc priests
  3 jellies (D:4)
  3 sleepcaps
  5 iguanas
  17 orc wizards
  2 hound zombies (D:5)
  16 gnolls
  10 adders
  A white imp (D:6)
  2 ufetubi (D:6)
  A dart slug (D:4)
  3 ribbon worms
  95 orcs
  A bat (D:1)
  10 endoplasms
  2 giant cockroaches
  6 goblins
  10 hobgoblins
  2 jackals (D:9)
  A quokka (D:4)
  2 ball pythons
  2 frilled lizards (D:1)
  22 kobolds
  4 rats
749 creatures vanquished.

Vanquished Creatures (others)
  A jelly (D:7)
  An iguana (D:7)
2 creatures vanquished.

Grand Total: 751 creatures vanquished

Notes
Turn   | Place    | Note
-------+----------+-------------------------------------------
     0 | D:1      | timneilson the Octopode Shapeshifter began the quest for
                  | the Orb.
     0 | D:1      | Reached XP level 1. HP: 13/13 MP: 1/1
   235 | D:1      | Found Logiotz's Book Emporium.
   309 | D:1      | Reached XP level 2. HP: 12/18 MP: 2/2
  1275 | D:2      | Reached skill level 1 in Stealth
  1275 | D:2      | Reached XP level 3. HP: 23/23 MP: 3/3
  1750 | D:2      | Found a faded altar of an unknown god.
  1929 | D:3      | Found a sparkling altar of Nemelex Xobeh.
  1930 | D:3      | Found an opulent altar of Gozag.
  1935 | D:3      | Became a worshipper of Gozag Ym Sagoz the Greedy
  1949 | D:3      | Found a runed translucent gate.
  1949 | D:3      | Found a runed translucent gate.
  1949 | D:3      | Found a runed translucent gate.
  1949 | D:3      | Noticed CraigForest's ghost (amateur TrSh)
  1953 | D:3      | Identified the +2 leather armour of Nubi {rElec Regen+}
  2016 | D:3      | Found a shadowy altar of Dithmenos.
  2017 | D:3      | Found a shimmering altar of Xom.
  2201 | D:3      | Noticed Sigmund
  2215 | D:3      | Killed Sigmund
  2216 | D:3      | Reached skill level 4 in Unarmed Combat
  2216 | D:3      | Reached XP level 4. HP: 21/30 MP: 2/4
  2216 | D:3      | Reached XP level 5. HP: 25/35 MP: 2/5
  2308 | D:3      | Reached XP level 6. HP: 41/41 MP: 6/6
  2688 | D:4      | Noticed a black bear
  2699 | D:4      | Killed a black bear
  3002 | D:4      | Found a snail-covered altar of Cheibriados.
  3132 | D:4      | Found a runed translucent door.
  3154 | D:4      | Found a runed translucent door.
  3155 | D:4      | Noticed osoart's ghost (amateur DESu)
  3409 | D:4      | Reached XP level 7. HP: 37/46 MP: 7/7
  3828 | D:4      | Noticed Blork the orc
  3837 | D:4      | Killed Blork the orc
  3996 | D:4      | Reached skill level 5 in Unarmed Combat
  4189 | D:5      | Entered Level 5 of the Dungeon
  4246 | D:5      | Reached XP level 8. HP: 54/54 MP: 8/8
  4261 | D:5      | Reached skill level 5 in Shapeshifting
  4280 | D:5      | Found a staircase to the Ecumenical Temple.
  4284 | D:5      | Identified a scroll of acquirement
  4284 | D:5      | Acquired a manual of Unarmed Combat
  4720 | D:5      | Reached skill level 5 in Dodging
  4760 | D:5      | Reached skill level 6 in Unarmed Combat
  4909 | D:5      | Found a hide-covered altar of Uskayaw.
  4998 | D:5      | Found a basalt altar of Yredelemnul.
  5088 | D:6      | Reached skill level 5 in Fighting
  5118 | D:6      | Acquired the +5 kite shield of a ziggurat {Dex+5}
  5125 | D:6      | Acquired a manual of Fighting
  5127 | D:6      | Acquired a manual of Shields
  5147 | D:6      | Reached skill level 5 in Stealth
  5238 | D:6      | Reached XP level 9. HP: 61/61 MP: 7/9
  5257 | D:6      | Reached skill level 1 in Shields
  5360 | D:6      | Reached skill level 7 in Unarmed Combat
  5364 | D:6      | Reached skill level 1 in Evocations
  6345 | D:7      | Found an ornate altar of the Wu Jian Council.
  6673 | D:7      | Noticed a deep elf pyromancer
  6782 | D:7      | Identified the ring of Casuq {Str+6 Int+5}
  6790 | D:7      | Killed a deep elf pyromancer
  6791 | D:7      | Reached skill level 8 in Unarmed Combat
  6794 | D:7      | Reached XP level 10. HP: 60/71 MP: 8/10
  7147 | D:8      | Found Udeps's Jewellery Shoppe.
  7158 | D:8      | Bought an amulet of reflection for 390 gold pieces
  7158 | D:8      | Bought the ring of Beogh's Regard {rPois Will+} for 470
                  | gold pieces
  7226 | D:8      | Found a bloodstained altar of Trog.
  7959 | D:9      | Reached skill level 9 in Unarmed Combat
  8175 | D:9      | Found a staircase to the Lair.
  8201 | D:9      | Found Xajeloir's Assorted Antiques.
  8500 | D:10     | Entered Level 10 of the Dungeon
  8638 | D:10     | Noticed an unseen horror
  8654 | D:10     | Killed an unseen horror
  8674 | D:10     | Noticed Azoth's ghost (journeyman DsSh)
  8675 | D:10     | Noticed an unseen horror
  8679 | D:10     | Killed an unseen horror
  8687 | D:10     | Found a runed translucent door.
  8828 | D:3      | Killed CraigForest's ghost
  8881 | D:4      | Killed osoart's ghost
  9186 | D:1      | Bought a book of Spatial Translocations for 180 gold pieces
  9189 | D:1      | Learned a level 2 spell: Blink
  9192 | D:1      | Learned a level 2 spell: Lesser Beckoning
  9196 | D:1      | Learned a level 3 spell: Passwall
  9358 | D:8      | Bought a ring of protection from cold for 325 gold pieces
  9619 | D:10     | Noticed Gastronok
  9646 | D:10     | Killed Gastronok
  9647 | D:10     | Reached skill level 5 in Shields
  9647 | D:10     | Reached skill level 10 in Unarmed Combat
  9647 | D:10     | Reached skill level 1 in Spellcasting
  9647 | D:10     | Reached XP level 11. HP: 45/80 MP: 10/12
 10469 | D:10     | Noticed Fannar
 10478 | D:10     | Killed Fannar
 11067 | D:11     | Noticed Grum
 11078 | D:11     | Killed Grum
 11084 | D:11     | Reached skill level 10 in Fighting
 11160 | D:8      | Bought a ring of protection from fire for 325 gold pieces
 11264 | D:11     | Learned a level 3 spell: Swiftness
 11535 | D:11     | Identified the +0 chain mail of the Other Side {Fly rF+
                  | Int+4}
 11880 | D:12     | Noticed a cyclops
 11893 | D:12     | Killed a cyclops
 12026 | D:12     | Noticed a two-headed ogre
 12036 | D:12     | Killed a two-headed ogre
 12223 | D:12     | Noticed a deep elf pyromancer
 12231 | D:12     | Killed a deep elf pyromancer
 12232 | D:12     | Reached skill level 11 in Unarmed Combat
 12365 | D:12     | Found a staircase to the Orcish Mines.
 12390 | D:12     | Noticed a purple ugly thing
 12398 | D:12     | Killed a green ugly thing
 12399 | D:12     | Reached skill level 1 in Earth Magic
 12449 | D:12     | Reached skill level 1 in Translocations
 12449 | D:12     | Reached skill level 1 in Air Magic
 12585 | D:12     | Noticed a deep elf pyromancer
 12590 | D:12     | Killed a deep elf pyromancer
 12591 | D:12     | Reached XP level 12. HP: 88/88 MP: 15/15
 13103 | Lair:1   | Entered Level 1 of the Lair of Beasts
 13435 | Lair:1   | Found the +8 whip "Snakebite" {venom, curare, rPois}
 13734 | Lair:1   | Reached skill level 5 in Evocations
 14081 | Lair:1   | Reached skill level 12 in Unarmed Combat
 14933 | D:9      | Bought a scroll of identify for 24 gold pieces
 14933 | D:9      | Bought a scroll of identify for 24 gold pieces
 14933 | D:9      | Bought a scroll of identify for 24 gold pieces
 14933 | D:9      | Bought a scroll of teleportation for 36 gold pieces
 14933 | D:9      | Bought a scroll of fear for 48 gold pieces
 15168 | Lair:2   | Noticed Nergalle
 15301 | Lair:2   | Reached XP level 13. HP: 96/96 MP: 17/17
 15786 | Lair:2   | Found a staircase to the Snake Pit.
 16258 | Lair:2   | Killed Nergalle
 16878 | Lair:2   | Paralysed by a hornet for 2 turns
 17064 | Lair:2   | Reached skill level 10 in Stealth
 17064 | Lair:2   | Reached skill level 13 in Unarmed Combat
 17197 | Lair:2   | Found a staircase to the Swamp.
 17859 | Lair:3   | Reached skill level 10 in Dodging
 19518 | Lair:4   | Identified the +0 long sword "Exuzub" {flame, rF+ Int-5
                  | Stlth+}
 19603 | Lair:4   | Found a transporter.
 19633 | Lair:4   | Reached XP level 14. HP: 102/106 MP: 20/20
 19843 | Lair:4   | Found a bloodstained altar of Trog.
 19875 | Lair:4   | Found a viscous altar of Jiyva.
 19969 | Lair:4   | Found a staircase to the Slime Pits.
 20095 | Lair:4   | Found a transporter.
 20116 | Lair:4   | Noticed Uveod's ghost (journeyman FeEE)
 20873 | D:8      | Bought a blade talisman for 390 gold pieces
 20945 | D:10     | Killed Azoth's ghost
 21099 | D:11     | Reached skill level 14 in Unarmed Combat
 21233 | Orc:1    | Entered Level 1 of the Orcish Mines
 21315 | Orc:1    | Found a dark tunnel.
 21318 | Volcano  | Entered a volcano
 21440 | Volcano  | Reached skill level 10 in Shapeshifting
 22431 | Orc:2    | Entered Level 2 of the Orcish Mines
 23575 | Orc:2    | Reached skill level 5 in Spellcasting
 23635 | Orc:2    | Found Uhechu's Distillery.
 23659 | Orc:2    | Bought a potion of haste for 120 gold pieces
 23659 | Orc:2    | Bought a potion of curing for 36 gold pieces
 23659 | Orc:2    | Bought a potion of haste for 120 gold pieces
 23659 | Orc:2    | Bought a potion of curing for 36 gold pieces
 23659 | Orc:2    | Bought a potion of heal wounds for 60 gold pieces
 23659 | Orc:2    | Bought a potion of cancellation for 96 gold pieces
 23667 | Orc:2    | Found Nycwe's Armour Shoppe.
 23956 | Orc:2    | Found a staircase to the Elven Halls.
 24194 | Orc:2    | Found Pouxuri's Assorted Antiques.
 24283 | Orc:2    | Reached XP level 15. HP: 114/114 MP: 22/22
 24680 | Orc:2    | Noticed an orc warlord
 24727 | Orc:2    | Killed an orc warlord
 25118 | Orc:2    | Found Umobbuw's Book Emporium.
 25131 | Orc:2    | Learned a level 1 spell: Apportation
 25250 | Orc:2    | Reached skill level 15 in Unarmed Combat
 25646 | Orc:1    | Bought the ring "Uhewixt" {+Blink rElec MP+9 EV+5 Int+3}
                  | for 1233 gold pieces
 25720 | D:13     | Found Dureatax's Magic Scroll Boutique.
 26902 | Snake:1  | Entered Level 1 of the Snake Pit
 26940 | Snake:1  | Identified the +6 war axe of Fanalucs {flame, Dex+5}
 27074 | Snake:1  | Found a glacial archway.
 27311 | IceCv    | Entered an ice cave
 27729 | IceCv    | Reached skill level 15 in Fighting
 28434 | IceCv    | Noticed a frost giant
 28465 | IceCv    | Reached XP level 16. HP: 34/122 MP: 24/24
 30108 | Snake:2  | Noticed Vashnia
 30300 | Snake:1  | Killed Vashnia
 31359 | Snake:2  | Found a shimmering altar of Xom.
 31699 | Snake:3  | Noticed a nagaraja
 31949 | Snake:2  | Killed a nagaraja
 32348 | Snake:3  | Reached skill level 5 in Translocations
 32781 | Snake:3  | Reached skill level 16 in Unarmed Combat
 32784 | Snake:3  | Reached skill level 5 in Air Magic
 32806 | Snake:3  | HP: 5/123 [constriction (5)]
 33366 | Snake:2  | HP: 4/123 [black mamba[a naga ritualist] (5)]
 33367 | Snake:1  | Succumbed to a black mamba's poison

Illustrated notes

Levels and vault maps discovered:
D:1:      dpeg_arrival_stone_temple_mockup, layout_loops_corners, serial_shops,
          shop, minmay_split_cup_large
D:2:      layout_basic, chequers_ecumenical_altar_grove, chequers_jeans
D:3:      cheibrodos_thug_alley, layout_rooms, grunt_temple_overflow_opulence,
          grunt_temple_overflow_open, biasface_ghost_orc_armoury, uniq_sigmund
D:4:      minmay_razor_zed, layout_gridville, cheibriados_altar_1,
          ebering_ghost_sewer_f, serial_bayou, serial_bayou_pond_d,
          serial_bayou_shore_b, serial_bayou_pond_a, serial_bayou_shore_b,
          uniq_blork_the_orc
D:5:      layout_rooms, lemuel_doored_altar, lemuel_zombie_altar_yredelemnul,
          minmay_temple_entry_overgrown, nicolae_underground_beach
D:6:      layout_basic
D:7:      minmay_clustersquares, layout_loops_cross,
          mainiacjoe_overflow_catwalk, kennysheep_windowed_goal
D:8:      layout_loops_ring, general_overflow_altar, serial_shops,
          nicolae_diamond_shop
D:9:      layout_cave_pools, lair_entry_dummy, serial_gnoll_camp,
          gnoll_camp_mini_shop, gnoll_camp_medium_02, gnoll_camp_mini_hut,
          gnoll_camp_mini_hut
D:10:     layout_irregular_city, hellmonk_ghost_big_iron,
          minmay_gold_behind_fungi, uniq_fannar, uniq_gastronok
D:11:     layout_loops_ring, uniq_grum
D:12:     layout_grid_maze, orc_0_dummy
D:13:     layout_cave_pools, serial_shops, shop_coins, grunt_tough_drop
Lair:1:   minmay_guarded_unrand_snakebite, layout_cave_pods,
          beast_lair_carwin_10, grunt_megastairs_1
Lair:2:   layout_layer_cave, mainiacjoe_swamp_entry_angry_trees,
          dummy_snake_entry, uniq_nergalle
Lair:3:   layout_gridlike, st_stairs_8
Lair:4:   dreamdust_cave_troll, layout_gridlike, slime_entry_1,
          gammafunk_ghost_wrathful_warriors, small_statue_intersection,
          bh_autumn_forest_stairs, st_stairs_5
Snake:1:  layout_grid_maze, portal_ice_cave_entry_ugly_swarm
Snake:2:  layout_honeycomb, basic_altar, uniq_vashnia
Snake:3:  layout_gridlike, serial_library_hellmonk_narrow_alcove,
          nicolae_shop_i_like_big_books
Orc:1:    layout_caves, nicolae_volcano_entry_s_turn,
          nicolae_orc_takin'_care_of_business
Orc:2:    pubby_orc_utopia

Skill      XL: |  1  2  3  4  5  6  7  8  9 10 11 12 13 14 15 16 |
---------------+-------------------------------------------------+-----
Stealth        | 1 2 3 4 5 6 7 8 9 10 11 12 13 | 13.2
Fighting       | 2 3 4 5 7 9 10 11 13 14 15 | 15.7
Dodging        | 3 4 5 6 7 8 9 10 11 12 | 12.9
Unarmed Combat | 4 5 6 8 10 11 12 13 14 15 16 | 16.0
Shapeshifting  | 4 5 6 7 8 9 10 11 | 11.9
Shields        | 3 5 6 7 8 9 |  9.4
Evocations     | 2 3 4 5 6 7 8 |  8.6
Spellcasting   | 1 2 3 4 5 6 |  6.0
Earth Magic    | 1 2 3 |  3.0
Translocations | 1 2 3 4 5 |  5.0
Air Magic      | 1 2 3 4 5 |  5.0

Action                     |  1- 3 |  4- 6 |  7- 9 | 10-12 | 13-15 | 16-18 || total
---------------------------+-------+-------+-------+-------+-------+-------++-------
  Melee: Unarmed           |    64 |    35 |   187 |   517 |   884 |   224 ||  1911
         Constrict         |    14 |     8 |    43 |    94 |   112 |    18 ||   289
         Tentacles         |    13 |     7 |    51 |   168 |   232 |    51 ||   522
         Punch             |     3 |     2 |    10 |    15 |    61 |    31 ||   122
  Throw: Dart              |       |    11 |    27 |     1 |       |       ||    39
   Cast: Passwall          |       |       |       |       |     2 |     1 ||     3
         Lesser Beckoning  |       |       |       |       |     8 |    15 ||    23
         Swiftness         |       |       |       |       |       |     4 ||     4
         Blink             |       |       |       |       |       |     2 ||     2
 Invoke: Call Merchant     |       |       |       |     1 |     2 |       ||     3
  Evoke: Wand              |       |       |       |     3 |    15 |       ||    18
    Use: Scroll            |    11 |       |    11 |     9 |     4 |       ||    35
         Potion            |     1 |       |     2 |       |     9 |     4 ||    16
   Stab: Sleeping          |     8 |     3 |     9 |    10 |    34 |    13 ||    77
         Invisible         |     1 |       |     4 |       |     5 |       ||    10
         Distracted        |       |     1 |       |     3 |     8 |     3 ||    15
 Armour: Skin              |    19 |    13 |    82 |   137 |   324 |    83 ||   658
  Dodge: Dodged            |    35 |    11 |    92 |   222 |   540 |   170 ||  1070
  Block: Kite shield       |       |       |    70 |   103 |       |       ||   173
         Reflection        |       |       |       |    10 |     6 |     5 ||    21
         Other             |       |       |       |    43 |   124 |    38 ||   205
   Form: Flux              |       |       |       |     1 |       |       ||     1
         Blade             |       |       |       |       |     1 |       ||     1

Table legend: (Time is in decaauts)
 A = Elapsed time spent in this place.
 B = Non-inter-level travel time spent in this place.
 C = Inter-level travel time spent in this place.
 D = Time resting spent in this place.
 E = Time spent auto-exploring this place.
 F = Levels seen in this place.
 G = Mean time per level.
                   A        B        C        D        E       F      G
               +--------+--------+--------+--------+--------+-----+--------+
         Total |  33006 |  30992 |   2014 |   9530 |   9688 |  24 | 1375.2 |
       Dungeon |  14636 |  13108 |   1528 |   2245 |   6799 |  13 | 1125.8 |
          Lair |   7685 |   7306 |    379 |   2563 |   2014 |   4 | 1921.2 |
     Snake Pit |   4952 |   4912 |     40 |   2347 |    598 |   3 | 1650.7 |
  Orcish Mines |   3756 |   3689 |     67 |   1231 |    265 |   2 | 1878.0 |
      Ice Cave |   1413 |   1413 |      0 |    815 |     12 |   1 | 1413.0 |
       Volcano |    561 |    561 |      0 |    329 |      0 |   1 |  561.0 |
               +--------+--------+--------+--------+--------+-----+--------+

Top non-repeatable levels by time:
  Lair:2: 2962 daAuts
   Orc:2: 2849 daAuts
 Snake:2: 2268 daAuts
    D:10: 1925 daAuts
  Lair:1: 1917 daAuts
 Snake:1: 1882 daAuts
     D:4: 1628 daAuts
    D:12: 1488 daAuts
  Lair:3: 1464 daAuts
   IceCv: 1413 daAuts
  Lair:4: 1340 daAuts
     D:6: 1198 daAuts
     D:1: 1060 daAuts
     D:7: 1009 daAuts
     D:2: 971 daAuts
